 Dungeon Crawl Stone Soup version 0.21-a0-221-gfe971b9 (webtiles) character file.

4349 tehllama the Covert (level 10, -2/58 HPs)
             Began as an Octopode Transmuter on Aug 26, 2017.
             Was an Initiate of Gozag.
             Slain by Erolcha
             ... wielding a +3 giant club
              (23 damage)
             ... while paralysed by Erolcha
             ... on level 9 of the Dungeon.
             The game lasted 00:16:41 (11044 turns).

tehllama the Covert (Octopode Transmuter)          Turns: 11044, Time: 00:16:42

Health: -2/58      AC:  2    Str: 13    XL:     10   Next: 34%
Magic:  5/16       EV:  5    Int: 20    God:    Gozag
Gold:   1160       SH:  0    Dex: 17    Spells: 11/17 levels left

rFire    + . .     SeeInvis .     - Unarmed
rCold    + . .     Gourm    .   (shield currently unavailable)
rNeg     . . .     Faith    .   (helmet currently unavailable)
rPois    .         Spirit   .   (no amulet)
rElec    +         Reflect  .   e - ring of wizardry
rCorr    +         Harm     .   r - +4 ring of intelligence
MR       .....                  B - ring of flight
Stlth    ++++......             (no ring)
HPRegen  0.19/turn              (no ring)
MPRegen  0.15/turn              (no ring)
                                (no ring)
                                (no ring)

@: paralysed, spider-form, resistant, very slightly contaminated, hasted,
invisible
A: almost no armour, stealthy swim, (amphibious), 8 rings, (constrict 8)
a: End Transformation, Potion Petition, Call Merchant, Bribe Branch, Renounce
Religion, Evoke Flight


You were on level 9 of the Dungeon.
You worshipped Gozag.
Gozag was most pleased with you.
You were very hungry.
You were a venomous arachnid creature.
You visited 2 branches of the dungeon, and saw 10 of its levels.
You also visited: Ossuary.

You collected 1219 gold pieces.
You paid 59 gold pieces to Gozag.

Inventory:

Missiles
 a - 40 arrows
Armour
 j - a cursed +0 buckler
Magical Staves
 E - an uncursed staff of fire {unknown}
Jewellery
 e - a ring of wizardry (left front leg)
 r - a +4 ring of intelligence (right front leg)
 B - a ring of flight (on tentacle)
Wands
 q - a wand of random effects (23/48)
Scrolls
 f - a scroll of vulnerability {unknown}
 g - 2 scrolls of magic mapping {unknown}
 o - 6 scrolls of enchant weapon {unknown}
 p - 5 scrolls of remove curse {unknown}
 s - a scroll of fear
 v - a scroll of fog
 w - a scroll of blinking
 y - 3 scrolls of amnesia
 z - 3 scrolls of teleportation {unknown}
 C - a scroll of noise {unknown}
 D - a scroll of identify
Potions
 h - 3 potions of heal wounds
 i - a potion of haste
 k - 7 potions of curing
 l - 2 potions of might
 m - a potion of resistance {unknown}
 n - a potion of magic
 t - 2 potions of mutation
 u - 3 potions of flight
Books
 b - a book of Changes

   Spells                             Type                      Level
   a - Beastly Appendage              Transmutation                1
   b - Sticks to Snakes               Transmutation                2
   c - Spider Form                    Transmutation/Poison         3
   d - Ice Form                       Ice/Transmutation            4
   e - Blade Hands                    Transmutation                5
 x - a book of Misfortune

   Spells                             Type                      Level
   a - Confusing Touch                Hexes                        1
   b - Confuse                        Hexes                        3
   c - Gell's Gravitas                Translocation                3
   d - Petrify                        Transmutation/Earth          4
   e - Metabolic Englaciation         Hexes/Ice                    5
   f - Yara's Violent Unravelling     Hexes/Transmutation          5
Comestibles
 c - 4 bread rations
 A - a royal jelly


   Skills:
 - Level 1.0 Fighting
 + Level 4.8 Dodging
 + Level 8.5 Stealth
 + Level 2.5 Shields
 * Level 8.4 Unarmed Combat
 + Level 4.3 Spellcasting
 * Level 6.6 Transmutations
 - Level 3.1 Poison Magic
 + Level 5.1 Evocations


You had 11 spell levels left.
You knew the following spells:

 Your Spells              Type           Power        Failure   Level  Hunger
a - Beastly Appendage     Tmut           ####..       1%          1    None
b - Sticks to Snakes      Tmut           ####....     2%          2    #......
c - Spider Form           Tmut/Pois      ###.......   6%          3    ###....


Dungeon Overview and Level Annotations

Branches:
Dungeon (9/15)             Temple (1/1) D:5
   Lair: D:8-11         Orc: D:9-12

Altars:
Ashenzari
Cheibriados
Dithmenos
Elyvilon
Fedhas
Gozag
Hepliaklqana
Makhleb
Nemelex Xobeh
Okawaru
Ru
Sif Muna
Trog
Vehumet
Xom
Zin
The Shining One

Shops:
D:6 (

Annotations:
D:9 Erica, Erolcha


Innate Abilities, Weirdness & Mutations

You cannot wear most types of armour.
You are very stealthy in the water. (Stealth+)
((You are amphibious.))
You can wear up to eight rings at the same time.
((You can use your tentacles to constrict eight enemies at once.))
((Your skin changes colour to match your surroundings (Stealth+).))
((Your rubbery body absorbs attacks. (AC +1, EV +1)))


Message History

You turn into a venomous arachnid creature.
Erica shouts!
Unknown command.
You hit Erolcha but do no damage.
Erolcha is poisoned.
Erolcha is lightly wounded.
Erolcha casts a spell at you. You resist with some effort.
Erica gestures at you while chanting. The bolt of poison hits you!
You are poisoned.
* * * LOW HITPOINT WARNING * * *
You feel better. Erolcha casts a spell at you.
You suddenly lose the ability to move!
A scorpion comes into view.
Erolcha casts a spell at you. The orb of energy misses you.
The orb of energy explodes!
Erolcha hits you with an enchanted giant club!!
You die...
Your body crumbles into a pile of gold.

#.# #.# #.# #.# ###.###
#.....# ######.#.#.#
#.s.@......# #.#OYs...#.#
#### #######...##Y....#
...##.........##.Y...###..$
#..#.#######.##............
# ##.#.## #.##.ยง...###....
.##+##.....# #.####Y#.# ##
.........#.# #.# #.###
8.....8..#.# #.. ...


You could see Erica, Erolcha, 3 yaks and a scorpion (wandering).

Vanquished Creatures
  Pikel (D:7)
  Eustachio (D:4)
  A water moccasin (D:6)
  2 slaves (D:7)
  3 orc warriors
  4 sky beasts
  A black bear (D:9)
  2 ice beasts
  2 necrophages
  6 ogres
  3 elf zombies (Ossuary)
  8 bullfrogs
  2 scorpions
  A wyvern skeleton (D:6)
  3 howler monkeys
  5 crimson imps
  2 bullfrog zombies
  3 hounds
  2 human zombies (Ossuary)
  A centaur zombie (Ossuary)
  An orc priest (D:5)
  3 orc wizards
  A centaur skeleton (D:5)
  Crazy Yiuf (D:7)
  A bullfrog skeleton (D:6)
  Jessica (D:2)
  An iguana (D:4)
  3 worker ants
  A big kobold zombie (Ossuary)
  3 hound zombies (Ossuary)
  2 hound skeletons
  3 mummies (Ossuary)
  3 gnolls (D:8)
  6 adders
  A shadow imp (D:5)
  A white imp (D:5)
  An ooze (D:7)
  3 adder zombies
  3 worms
  3 dart slugs
  5 leopard geckos
  18 orcs
  5 bats
  7 giant cockroaches
  A gnoll zombie (Ossuary)
  6 goblins
  6 hobgoblins
  4 jackals
  6 kobolds
  4 quokkas
  2 frilled lizards
  A goblin zombie (Ossuary)
  4 hobgoblin zombies (Ossuary)
  A jackal zombie (Ossuary)
  4 kobold zombies (Ossuary)
  An orc zombie (Ossuary)
  A quokka skeleton (D:4)
  4 quokka zombies (Ossuary)
  5 rats
  6 rat zombies (Ossuary)
186 creatures vanquished.

Vanquished Creatures (collateral kills)
  2 hound zombies (Ossuary)
2 creatures vanquished.

Vanquished Creatures (others)
  2 slaves (D:7)
  A howler monkey (D:7)
  An orc (D:7)
  A quokka (D:8)
5 creatures vanquished.

Grand Total: 193 creatures vanquished

Notes
Turn   | Place    | Note
-------+----------+-------------------------------------------
     0 | D:1      | tehllama the Octopode Transmuter began the quest for the Orb.
     0 | D:1      | Reached XP level 1. HP: 13/13 MP: 3/3
   105 | D:1      | Reached XP level 2. HP: 14/18 MP: 5/5
   763 | D:2      | Found a snail-covered altar of Cheibriados.
   769 | D:2      | Reached XP level 3. HP: 20/23 MP: 6/6
   812 | D:2      | Learned a level 2 spell: Sticks to Snakes
   816 | D:2      | Learned a level 3 spell: Spider Form
  1293 | D:2      | Reached skill level 1 in Stealth
  1341 | D:2      | Noticed Jessica
  1347 | D:2      | Killed Jessica
  1347 | D:2      | Reached XP level 4. HP: 28/28 MP: 7/7
  1646 | D:3      | Found a sacrificial altar of Ru.
  1649 | D:3      | Found a blossoming altar of Fedhas.
  1652 | D:3      | Found a shattered altar of Ashenzari.
  1958 | D:3      | Found a faded altar of an unknown god.
  2200 | D:3      | Found an iron altar of Okawaru.
  2213 | D:3      | Reached XP level 5. HP: 33/33 MP: 8/8
  2227 | D:3      | Reached skill level 5 in Unarmed Combat
  2387 | D:3      | Found a burning altar of Makhleb.
  2955 | D:4      | Got a flickering bone ring
  2956 | D:4      | Identified the ring "Daepyi" {Fire MP+9 Str+2 Slay-6} (You found it on level 4 of the Dungeon)
  3210 | D:4      | Noticed Eustachio
  3462 | D:4      | Killed Eustachio
  3462 | D:4      | Reached skill level 5 in Stealth
  3462 | D:4      | Reached XP level 6. HP: 22/38 MP: 6/9
  3935 | D:4      | Found a glowing golden altar of the Shining One.
  4378 | D:5      | Entered Level 5 of the Dungeon
  4378 | D:5      | Found a staircase to the Ecumenical Temple.
  4392 | Temple   | Entered the Ecumenical Temple
  4430 | Temple   | Became a worshipper of Gozag Ym Sagoz the Greedy
  4675 | D:5      | Reached XP level 7. HP: 30/43 MP: 7/10
  4712 | D:5      | Found a sand-covered staircase.
  4717 | Ossuary  | Entered an ossuary
  4867 | Ossuary  | Reached skill level 1 in Evocations
  5114 | Ossuary  | Reached skill level 1 in Poison Magic
  5780 | Ossuary  | Reached XP level 8. HP: 23/48 MP: 9/11
  7482 | D:6      | Found an ancient bone altar of Kikubaaqudgha.
  7484 | D:6      | Found a shimmering altar of Xom.
  7484 | D:6      | Found a glowing silver altar of Zin.
  7487 | D:6      | Found an opulent altar of Gozag.
  7487 | D:6      | Found an opulent altar of Gozag.
  7487 | D:6      | Found a deep blue altar of Sif Muna.
  7888 | D:6      | Reached XP level 9. HP: 28/53 MP: 10/13
  8474 | D:6      | Found Xiumnuext's Antique Weapon Boutique.
  8650 | D:7      | Noticed Pikel
  8658 | D:7      | Killed Pikel
  8658 | D:7      | Reached skill level 1 in Shields
  8658 | D:7      | Reached skill level 5 in Transmutations
  8927 | D:7      | Found a runed door.
  9331 | D:7      | Reached XP level 10. HP: 57/57 MP: 12/16
  9820 | D:7      | Noticed Crazy Yiuf
  9824 | D:7      | Killed Crazy Yiuf
  9894 | D:8      | Found a white marble altar of Elyvilon.
 10449 | D:8      | Found a shadowy altar of Dithmenos.
 10513 | D:8      | Reached skill level 5 in Evocations
 11021 | D:9      | Noticed Erica
 11031 | D:9      | Noticed Erolcha
 11042 | D:9      | Paralysed by Erolcha for 4 turns
 11044 | D:9      | Slain by Erolcha

Vault maps used:
D:1:      dpeg_arrival_orchard, lemuel_old_faithful
D:2:      kennysheep_slug_shrine, first_bread, uniq_jessica
D:3:      nicolae_overflow_hidden_temple, grunt_temple_overflow_diamond,
          lemuel_crystal_altar, chequers_ecumenical_altar_simple,
          lemuel_flame_loot_1
D:4:      lemuel_coloured_pillars_altar, uniq_eustachio
D:5:      minmay_temple_entry_overgrown, enter_ossuary_5, minmay_fire_ice_demons
D:6:      serial_shops, shop, doesnt_xom_only_xom
D:7:      uniq_pikel, uniq_crazy_yiuf_cottage
D:8:      kennysheep_mini_moat, elyvilon_altar_4, david_nohive_1
D:9:      zin_statuary, gammafunk_temple_overflow_elements, serial_shops, shop,
          nicolae_for_you_no_charge, uniq_erica, uniq_erolcha
Temple:   compressed_dpeg_circular_temple
Ossuary:  minmay_ossuary_two_tombs

Skill      XL: |  1  2  3  4  5  6  7  8  9 10 |
---------------+-------------------------------+-----
Unarmed Combat | 4 5 6 7 8 |  8.4
Stealth        | 2 3 5 6 8 |  8.5
Evocations     | 2 3 4 5 |  5.1
Poison Magic   | 1 3 |  3.1
Transmutations | 3 4 6 |  6.6
Dodging        | 3 4 |  4.8
Spellcasting   | 3 4 |  4.3
Shields        | 2 |  2.5
Fighting       | |  1.0

Action                   |  1- 3 |  4- 6 |  7- 9 | 10-12 || total
-------------------------+-------+-------+-------+-------++-------
Melee: Unarmed           |    59 |   122 |   397 |    82 ||   660
       Constrict         |    17 |    18 |    48 |    10 ||    93
       Tentacles         |     5 |    16 |    40 |     9 ||    70
       Punch             |     2 |     3 |     9 |     5 ||    19
       Kick              |       |     3 |     3 |     4 ||    10
 Cast: Beastly Appendage |       |     3 |     6 |     3 ||    12
       Spider Form       |       |     5 |    21 |     8 ||    34
       Sticks to Snakes  |       |       |     3 |     5 ||     8
Invok: Potion Petition   |       |       |       |     1 ||     1
  Use: Potion            |       |     2 |       |     2 ||     4
       Scroll            |       |       |    11 |     1 ||    12
 Stab: Sleeping          |     2 |     7 |    10 |     4 ||    23
       Distracted        |     1 |       |       |     1 ||     2
  Eat: Chunk             |     1 |    11 |     2 |       ||    14
       Fruit             |       |       |     6 |       ||     6
       Royal jelly       |       |       |     2 |     1 ||     3
       Meat ration       |       |       |     1 |       ||     1
       Bread ration      |       |       |       |     1 ||     1
Armor: Skin              |     3 |    10 |    10 |     2 ||    25
Dodge: Dodged            |    28 |   108 |   264 |    59 ||   459

Table legend:
 A = Spawn XP
 B = Non-spawn XP
 C = Spawn XP percentage of total XP
 D = Spawn monster count
 E = Non-spawn monster count
 F = Spawn count percentage of total count
 G = Total turns spent on level
                    A         B        C        D         E        F      G
               +---------+---------+-------+---------+---------+-------+---------
         Total |     753 |    5461 |  12.1 |      26 |     160 |  14.0 | 11044
               +---------+---------+-------+---------+---------+-------+---------
           D:1 |       2 |      20 |   9.1 |       1 |      10 |   9.1 |   551
           D:2 |      10 |      59 |  14.5 |       5 |      10 |  33.3 |   889
           D:3 |      16 |     131 |  10.9 |       7 |      15 |  31.8 |  1611
           D:4 |      74 |     212 |  25.9 |       3 |       7 |  30.0 |  1327
           D:5 |      88 |     553 |  13.7 |       3 |      22 |  12.0 |  1055
           D:6 |      75 |     928 |   7.5 |       2 |      14 |  12.5 |  1593
           D:7 |     244 |    1921 |  11.3 |       3 |      23 |  11.5 |  1317
           D:8 |     244 |     814 |  23.1 |       2 |      15 |  11.8 |   994
           D:9 |       0 |     221 |   0.0 |       0 |       2 |   0.0 |   179
        Temple |       0 |       9 |   0.0 |       0 |       3 |   0.0 |   277
       Ossuary |       0 |     593 |   0.0 |       0 |      39 |   0.0 |  1251
               +---------+---------+-------+---------+---------+-------+---------
